 Dungeon Crawl Stone Soup version 0.26-a0-784-g51bffae0b1 (webtiles) character file.

Game seed: 7066061140418904152

(classic levelgen) 119 EnegeticOcto the Sneak (level 4, 0/28 HPs)
             Began as a Deep Elf Delver on Nov 10, 2020.
             Was an Initiate of Okawaru.
             Succumbed to Jessica's poison
             ... on level 3 of the Dungeon.
             The game lasted 00:10:45 (4728 turns).

EnegeticOcto the Sneak (Deep Elf Delver)            Turns: 4728, Time: 00:10:46

Health: 0/28       AC:  3    Str: 10    XL:     4   Next: 74%
Magic:  6/6        EV: 12    Int: 21    God:    Okawaru [......]
Gold:   143        SH:  0    Dex: 16    Spells: 3/3 levels left

rFire    . . .     SeeInvis .   h - +1 trident
rCold    . . .     Faith    .   (no shield)
rNeg     . . .     Spirit   .   b - +0 leather armour
rPois    .         Reflect  .   (no helmet)
rElec    .         Harm     .   (no cloak)
rCorr    .         Rampage  .   (no gloves)
MR       +....                  (no boots)
Stlth    +++.......             (no amulet)
HPRegen  0.09/turn              d - +6 ring of intelligence
MPRegen  0.10/turn              o - ring of protection from magic

@: lethally poisoned (0 -> -6), attractive, hasted, very quick
A: no striking features
a: Renounce Religion


You were on level 3 of the Dungeon.
You worshipped Okawaru.
Okawaru was noncommittal.
You visited 2 branches of the dungeon, and saw 6 of its levels.

You collected 143 gold pieces.

Inventory:

Hand Weapons
 a - a +0 short sword
 h - a +1 trident (weapon)
   (You found it on level 5 of the Dungeon)
Missiles
 j - 11 poisoned darts (quivered)
Armour
 b - a +0 leather armour (worn)
Jewellery
 d - a +6 ring of intelligence (left hand)
   (You found it on level 5 of the Dungeon)
 o - a ring of protection from magic (right hand)
   (You found it on level 1 of the Dungeon)
Wands
 g - a wand of digging (3) {@v3}
 t - a wand of enslavement (9)
   (You found it on level 3 of the Dungeon)
Scrolls
 c - a scroll of fog {!r}
 e - a scroll of fear {!r}
 i - a scroll of amnesia {unknown}
 k - a scroll of identify {unknown}
 l - a scroll of enchant weapon
 m - a scroll of remove curse {@r2}
 n - a scroll of random uselessness {unknown}
 q - a scroll of enchant armour {unknown}
Potions
 f - 2 potions of haste {@q4 !q}


   Skills:
 + Level 3.5 Fighting
 - Level 2.0 Short Blades
 + Level 1.0 Polearms
 - Level 2.4 Dodging
 - Level 7.0 Stealth
 - Level 1.0 Invocations


You had 3 spell levels left.
You didn't know any spells.
Your spell library was empty.

Dungeon Overview and Level Annotations

Branches:
Dungeon (5/15)             Temple (1/1) D:5

Altars:
Ashenzari
Dithmenos
Fedhas
Gozag
Hepliaklqana
Kikubaaqudgha
Nemelex Xobeh
Okawaru
Qazlal
Ru
Sif Muna
Uskayaw
Zin

Shops:
D:5 [

Annotations:
D:3 exclusion: adder
D:4 Menkaure


Message History

The kobold is heavily wounded.
The kobold barely misses you.
Jessica casts a spell.
Jessica seems to speed up.
You hear a shout!
You completely miss the kobold.
The kobold is heavily wounded.
The orc looks more healthy.
The kobold hits you but does no damage. The orc hits you but does no damage.
Throwing (i - inventory)
j - 13 poisoned darts (quivered)
Press: ? - help, Shift-Dir - straight line, f - Jessica, p - orc
Aim: Jessica, wielding a +1 dagger of venom and wearing a +0 robe (fast)
You throw a poisoned dart. The poisoned dart hits Jessica.
Jessica is poisoned.
Jessica gestures at you while chanting. Pain shoots through your body!
The kobold closely misses you. The orc hits you but does no damage.
Throwing (i - inventory)
j - 12 poisoned darts (quivered)
Press: ? - help, Shift-Dir - straight line, f/p - Jessica
Aim: Jessica, wielding a +1 dagger of venom and wearing a +0 robe (fast, poisoned)
You throw a poisoned dart.
The poisoned dart barely misses Jessica.
The kobold hits you but does no damage. The orc closely misses you.
Okay, then.
Really quaff
f - 3 potions of haste {@q4 !q}?
You feel yourself speed up. Jessica closely misses you.
The kobold closely misses you. The orc hits you with a +0 falchion.
You closely miss Jessica.
Jessica is moderately wounded.
Jessica hits you with a +1 dagger of venom.
You are poisoned.
The kobold hits you with a cursed -2 club.
The orc hits you with a +0 falchion.
Jessica hits you with a +1 dagger of venom.
You are more poisoned.
It was a potion of ambrosia.
You are confused.
You feel invigorated.
You feel sick. Jessica misses you. The kobold misses you.
You bump into the rock wall.
You feel sick. The orc closely misses you. Jessica closely misses you.
A hobgoblin comes into view.
You're too confused to move!
You feel sick. Jessica closely misses you.
The kobold hits you but does no damage. The orc hits you with a +0 falchion.
You hit Jessica but do no damage.
Jessica is heavily wounded.
You feel sick.
Jessica looks more healthy.
Jessica mumbles some strange words.
Jessica blinks!
The goblin unwields a +0 hunting sling.
The goblin closely misses you. The kobold hits you but does no damage.
You bump into the rock wall.
You feel sick. The orc hits you with a +0 falchion.
You bump into the rock wall.
You feel sick. The goblin hits you but does no damage.
The kobold hits you but does no damage. The orc hits you with a +0 falchion.
You bump into the rock wall.
You feel sick. The goblin misses you.
You're too confused to move!
The kobold barely misses you. The orc hits you but does no damage.
Jessica mumbles some strange words.
Jessica blinks!
You barely miss the orc.
The orc is almost dead.
You feel sick. The goblin barely misses you. The kobold barely misses you.
You closely miss the goblin.
You feel sick. The orc barely misses you.
Jessica falls through a shaft!
The shaft crumbles and collapses.
The goblin hits you.
You bump into the rock wall.
You feel sick. The kobold barely misses you.
The orc hits you with a +0 falchion. The goblin barely misses you.
You puncture the kobold!
You kill the kobold!
Okawaru accepts your kill.
You feel sick. The orc misses you.
You closely miss the goblin.
You feel less invigorated.
You feel less confused.
You feel sick. The goblin hits you. The hobgoblin closely misses you.
The orc closely misses you.
It was a potion of attraction.
You feel attractive to monsters. The goblin barely misses you.
The hobgoblin hits you.
It was a potion of magic.
Magic courses through your body.
You feel sick. The orc hits you with a +0 falchion. The goblin hits you.
The hobgoblin is pulled toward you! The hobgoblin misses you.
The orc hits you but does no damage. The hobgoblin is pulled toward you!
The goblin is pulled toward you!
You feel sick. The goblin closely misses you. The hobgoblin closely misses you.
The hobgoblin is pulled toward you! The orc is pulled toward you!
The hobgoblin is pulled toward you! The orc is pulled toward you!
You feel sick. The hobgoblin hits you.
* * * LOW HITPOINT WARNING * * *
The hobgoblin is pulled toward you! The orc is pulled toward you!
The goblin is pulled toward you! The hobgoblin is pulled toward you!
The goblin is pulled toward you!
* * * LOW HITPOINT WARNING * * *
You feel sick. The hobgoblin hits you.
* * * LOW HITPOINT WARNING * * *
The goblin hits you but does no damage. The hobgoblin is pulled toward you!
The hobgoblin closely misses you. The hobgoblin is pulled toward you!
The orc is pulled toward you!
There is a stone staircase leading up here.
You see here a stone.
The orc is pulled toward you! The goblin is pulled toward you!
You die...

.....................#
....#...#............#
.....................#
<.#####..............#
.§...................#
≈(≈.....)##..........#
._...###(.##......##
≈#≈(......##..ggo..###..
≈§≈...........##@.......
..........(.....####.... ..
#.###...........# .. .. #.#
#...........###### .S #.#
#....>...........### .# ..#
#####(##..............####.#
.########.##.....#....#.......
...............#.#....###..#
.########.#...............#


You could see an orc, a hobgoblin and a goblin.

Vanquished Creatures
  A bullfrog skeleton (D:5)
  An iguana (D:2)
  An adder (D:2)
  An adder zombie (D:5)
  A worm (D:2)
  A dart slug (D:3)
  2 leopard geckos
  An orc (D:2)
  2 bat skeletons (D:2)
  A bat zombie (D:2)
  3 giant cockroaches
  9 goblins
  7 hobgoblins
  2 jackals (D:1)
  2 bats
  2 frilled lizards
  A jackal zombie (D:2)
  3 kobolds
  A leopard gecko skeleton (D:2)
  3 rats
45 creatures vanquished.

Vanquished Creatures (others)
  A fungus (D:3)
1 creature vanquished.

Grand Total: 46 creatures vanquished

Notes
Turn   | Place    | Note
-------+----------+-------------------------------------------
     0 | D:5      | EnegeticOcto the Deep Elf Delver began the quest for the
                  | Orb.
     0 | D:5      | Reached XP level 1. HP: 13/13 MP: 3/3
     3 | D:5      | Found a staircase to the Ecumenical Temple.
    19 | Temple   | Entered the Ecumenical Temple
    61 | Temple   | Became a worshipper of Warmaster Okawaru
   103 | D:5      | Noticed an ogre
  1843 | D:5      | Reached skill level 3 in Fighting
  1843 | D:5      | Reached XP level 2. HP: 16/19 MP: 4/4
  1900 | D:5      | Found Xom Acve's Antique Armour Emporium.
  1910 | D:5      | Reached XP level 3. HP: 23/23 MP: 5/5
  1949 | D:4      | Noticed Menkaure
  2313 | D:1      | Reached skill level 7 in Stealth
  3128 | D:1      | Reached skill level 1 in Invocations
  3537 | D:2      | Found a shadowy altar of Dithmenos.
  3633 | D:2      | Noticed an ice beast
  3911 | D:2      | Reached XP level 4. HP: 28/28 MP: 6/6
  4426 | D:3      | Found a stormy altar of Qazlal.
  4426 | D:3      | Found a blossoming altar of Fedhas.
  4475 | D:2      | Reached skill level 1 in Polearms
  4696 | D:3      | Noticed Jessica
  4725 | D:3      | HP: 1/28 [hobgoblin (5)]
  4728 | D:3      | Succumbed to Jessica's poison

Illustrated notes

Levels and vault maps discovered:
D:1:      heliophobic_arrival_enchanted_forest, layout_basic
D:2:      layout_basic, nicolae_dithmenos_shadow_blocks, serial_undead,
          serial_undead_d, serial_undead_d, serial_undead_c, serial_undead_e,
          chequers_serial_rivers_small_a
D:3:      layout_rooms, grunt_temple_overflow_forces_of_nature,
          grunt_temple_overflow_open, serial_corexii_hall,
          chequers_hall_statues_y, chequers_hall_statues_corner_a, uniq_jessica
D:4:      gammafunk_wand_slinger, layout_rooms, serial_curves, eino_curves_03,
          eino_curves_02, ebering_ghost_rock_garden, uniq_menkaure,
          uniq_natasha, uniq_edmund, uniq_ijyb
D:5:      layout_basic, marbit_many_paths, xom_teletrap_fun,
          minmay_temple_entry_large_hall, serial_shops, nicolae_shop_stone,
          enter_ossuary_4
Temple:   jpeg_temple_alley_garden

Skill      XL: |  1  2  3  4 |
---------------+-------------+-----
Fighting       | 3 |  3.5
Stealth        | 7 |  7.0
Invocations    | 1 |  1.0
Polearms       | 1 |  1.0
Short Blades   | |  2.0
Dodging        | |  2.4

Action                   |  1- 3 |  4- 6 || total
-------------------------+-------+-------++-------
Melee: Short sword       |    76 |       ||    76
       Trident           |    37 |    53 ||    90
Throw: Dart              |       |    12 ||    12
  Use: Scroll            |     3 |       ||     3
       Potion            |       |     4 ||     4
 Stab: Sleeping          |    11 |     2 ||    13
Armor: Leather armour    |    33 |    10 ||    43
Dodge: Dodged            |    98 |    52 ||   150

Table legend: (Time is in decaauts)
 A = Elapsed time spent in this place.
 B = Non-inter-level travel time spent in this place.
 C = Inter-level travel time spent in this place.
 D = Time resting spent in this place.
 E = Time spent auto-exploring this place.
 F = Levels seen in this place.
 G = Mean time per level.
                   A        B        C        D        E       F      G
               +--------+--------+--------+--------+--------+-----+--------+
         Total |   4757 |   4535 |    222 |   2041 |   1662 |   6 |  792.8 |
       Dungeon |   2938 |   2716 |    222 |    335 |   1662 |   5 |  587.6 |
        Temple |   1819 |   1819 |      0 |   1706 |      0 |   1 | 1819.0 |
               +--------+--------+--------+--------+--------+-----+--------+

Top non-repeatable levels by time:
  Temple: 1819 daAuts
     D:1: 1311 daAuts
     D:2: 1291 daAuts
     D:3: 163 daAuts
     D:5: 116 daAuts
     D:4: 55 daAuts
